 Dungeon Crawl Stone Soup version 0.18-a0-1180-g64ccc1e (webtiles) character file.

60 namelastname112 the Scratcher (level 3, -3/16 HPs)
             Began as a Felid Transmuter on Jan 27, 2016.
             Slain by Crazy Yiuf
             ... wielding a +2 quarterstaff of chaos
              (5 damage)
             ... on level 2 of the Dungeon.
             The game lasted 00:03:38 (2399 turns).

namelastname112 the Scratcher (Felid Transmuter)    Turns: 2399, Time: 00:03:40

Health: -3/16      AC:  1    Str:  6    XL:     3   Next: 82%
Magic:  5/7        EV: 18    Int: 15    God:
Gold:   104        SH:  0    Dex: 16    Spells: 3 memorised, 1 level left
                                        Lives:  0   Deaths: 0

rFire  . . .     SeeInvis +       - Unarmed
rCold  . . .     Gourm    .     (armour unavailable)
rNeg   . . .     Faith    .     (shield unavailable)
rPois  .         Spirit   .     (helmet unavailable)
rElec  .         Dismiss  .     (cloak unavailable)
rCorr  .         Reflect  .     (gloves unavailable)
SustAt .         Harm     .     (boots unavailable)
MR     .....                    (no amulet)
Stlth  ++........               (no ring)
                                (no ring)

@: quick, not resistant to hostile enchantments, unstealthy
A: no armour, no weapons or thrown items, claws 1, fangs 3, see invisible,
carnivore 3, speed 1, shaggy fur 1, slow metabolism 1, sharp paws
a: no special abilities


You were on level 2 of the Dungeon.
You were full.

You visited 1 branch of the dungeon, and saw 2 of its levels.

You collected 104 gold pieces.

Inventory:

Missiles
 a - 12 arrows
 j - 5 poisoned arrows
 m - 11 arrows of flame
Jewellery
 n - a +4 ring of intelligence {unknown}
Scrolls
 d - 2 scrolls of fog {unknown}
 e - 2 scrolls of recharging {unknown}
 f - 2 scrolls of identify {unknown}
 g - 3 scrolls of enchant weapon {unknown}
 h - 2 scrolls of remove curse {unknown}
 l - a scroll of random uselessness {unknown}
 p - 3 scrolls of immolation {unknown}
 r - a scroll of fear {unknown}
 s - a scroll of teleportation {unknown}
Potions
 i - a potion of ambrosia {unknown}
 k - a potion of agility
 o - a potion of magic {unknown}
 q - a potion of poison {unknown}
Books
 b - a book of Changes

   Spells                             Type                      Level
   a - Beastly Appendage              Transmutation                1
   b - Sticks to Snakes               Transmutation                2
   c - Spider Form                    Transmutation/Poison         3
   d - Ice Form                       Ice/Transmutation            4
   e - Blade Hands                    Transmutation                5
Comestibles
 c - 2 meat rations


   Skills:
 + Level 1.8 Fighting
 + Level 3.1 Dodging
 + Level 1.1 Stealth
 * Level 3.4 Unarmed Combat
 - Level 2.5 Spellcasting
 - Level 2.8 Transmutations


You had one spell level left.
You knew the following spells:

 Your Spells              Type           Power        Failure   Level  Hunger
a - Beastly Appendage     Trmt           ##....       10%         1    #......
c - Spider Form           Trmt/Pois      #.........   34%         3    ###....
x - Sticks to Snakes      Trmt           ##......     12%         2    ###....


Dungeon Overview and Level Annotations

Branches:
Dungeon (2/15)

Altars:
Makhleb
Vehumet

Annotations:
D:2 Crazy Yiuf


Innate Abilities, Weirdness & Mutations

You cannot wear armour.
You are incapable of wielding weapons or throwing items.
You have sharp claws.
You have razor-sharp teeth.
You have supernaturally acute eyesight.
You are carnivorous and can eat meat at any time.
You cover ground quickly.
You are covered in fur (AC +1).
You have a slow metabolism.
Your sharp claws are effective at attacking unaware monsters.


Message History

You destroy the fungus!
You scratch the fungus. You bite the fungus.
The fungus is lightly damaged.
You see here a mace.
You open the door.
Crazy Yiuf the Enlightened comes into view.
He is wielding a quarterstaff of chaos.
Found three maces.
There is an open door here.
You pounce on the unaware helpless Crazy Yiuf!
You claw Crazy Yiuf!
Crazy Yiuf is severely wounded.
Crazy Yiuf closely misses you.
Crazy Yiuf says, "Adder pontify down!"
Casting: Beastly Appendage
Confirm with . or Enter, or press ? or * to list all spells.
You create a snake!
You now have 28 arrows.
Crazy Yiuf hits you with a quarterstaff of chaos!
Ouch! That really hurt!
* * * LOW HITPOINT WARNING * * *
You die...

##.#.#...##..###.#
.....'...........#
##.#.#...###..####
#.#.#.(.# ####
#<#.#...#
#.#.#...# ♣♣♣♣♣###
##.#.#####
#####♣♣♣)♣.P#.##
##.#.#
#.).#♣..♣.P....##
'..#.#
#.g@S.♣♣♣♣♣P....#
#..#.# #)).#♣♣
♣P#...# ##.#.#
##### ♣♣###.#
...#.# #.[# ##.#)#
#.##
...#.#############
##.#
.#..............>#
#..#
.....#######.#####
#.## ##.#.# #.#
#.#


You could see Crazy Yiuf and a friendly ball python.

Vanquished Creatures
  An adder (D:2)
  An ooze (D:1)
  A giant gecko (D:2)
  2 ball pythons (D:2)
  6 hobgoblins
  4 jackals (D:1)
  A quokka (D:2)
  4 bats
  A giant newt (D:1)
  3 goblins
  9 kobolds
  14 rats
  A fungus (D:2)
48 creatures vanquished.

Notes
Turn   | Place    | Note
--------------------------------------------------------------
     0 | D:1      | namelastname112 the Felid Transmuter began the quest for the Orb.
     0 | D:1      | Reached XP level 1. HP: 9/9 MP: 4/4
   309 | D:1      | Reached XP level 2. HP: 9/12 MP: 6/6
   333 | D:1      | Learned a level 2 spell: Sticks to Snakes
  1276 | D:2      | Reached XP level 3. HP: 15/15 MP: 7/7
  1281 | D:2      | Learned a level 3 spell: Spider Form
  1317 | D:2      | Found a burning altar of Makhleb.
  1317 | D:2      | Found a radiant altar of Vehumet.
  2146 | D:2      | Reached skill level 1 in Stealth
  2393 | D:2      | Noticed Crazy Yiuf
  2399 | D:2      | Slain by Crazy Yiuf

Vault maps used:
D:1:      evilmike_arrival_fibonacci_small, minmay_rat_gold_closets
D:2:      gammafunk_temple_overflow_wave, minmay_bad_closet,
          uniq_crazy_yiuf_cottage

Action                   || total
-------------------------++-------
Melee: Unarmed           ||   136
 Cast: Beastly Appendage ||     6
       Sticks to Snakes  ||     1
 Stab: Sleeping          ||    10
  Eat: Chunk             ||     7
